 Dungeon Crawl Stone Soup version 0.16.1-11-g651b585 (webtiles) character file.

200 jacksonaction the Cudgeler (level 5, -6/45 HPs)
             Began as a Minotaur Fighter on Apr 7, 2015.
             Mangled by a gnoll
             ... wielding a +1 halberd of venom
              (14 damage)
             ... on level 4 of the Dungeon.
             The game lasted 00:11:36 (2964 turns).

jacksonaction the Cudgeler (Minotaur Fighter)       Turns: 2964, Time: 00:11:37

Health: -6/45      AC:  7    Str: 27    XL:     5   Next: 48%
Magic:  2/2        EV:  7    Int:  5    God:
Gold:   218        SH: 10    Dex:  9    Spells: 0 memorised, 4 levels left

rFire  . . .     SeeInvis .     a - +0 flail
rCold  . . .     Clarity  .     b - +0 scale mail
rNeg   . . .     SustAb   .     c - +0 shield
rPois  .         Gourm    .     (helmet restricted)
rElec  .         Spirit   .     (no cloak)
rCorr  .         Warding  .     (no gloves)
rMut   .         Stasis   .     (no boots)
MR     .....                    (no amulet)
Stlth  ..........               (no ring)
                                (no ring)

@: mighty, lethally poisoned (-6 -> -19), not resistant to hostile enchantments,
extremely unstealthy
A: retaliatory headbutt, horns 2
a: no special abilities


You were on level 4 of the Dungeon.
You were hungry.

You visited 1 branch of the dungeon, and saw 4 of its levels.

You collected 218 gold pieces.

Inventory:

Hand weapons
 a - a +0 flail (weapon)
 m - a cursed -2 hunting sling
Missiles
 k - 23 sling bullets
 p - 90 stones
 s - 19 arrows
 A - 3 tomahawks (quivered)
Armour
 b - a +0 scale mail (worn)
 c - a +0 shield (worn)
 u - a cursed -1 leather armour
Jewellery
 f - a +3 ring of strength {unknown}
 i - a cursed ring of teleportation {unknown}
 x - an uncursed ring of magical power {unknown}
Scrolls
 g - a scroll of enchant armour {unknown}
 j - a scroll of fear {unknown}
 n - 4 scrolls of identify {unknown}
 q - 3 scrolls of enchant weapon {unknown}
 t - 3 scrolls of remove curse {unknown}
 w - a scroll of random uselessness {unknown}
 y - a scroll of teleportation {unknown}
 B - a scroll of amnesia {unknown}
Potions
 l - a potion of agility {unknown}
 r - a potion of ambrosia {unknown}
 z - a potion of beneficial mutation {unknown}
 D - a potion of lignification {unknown}
Comestibles
 d - 4 bread rations
 h - 2 meat rations
 v - a slice of pizza


   Skills:
 - Level 3.6 Fighting
 - Level 6.0 Maces & Flails
 * Level 4.5 Armour
 * Level 4.2 Shields


You had 4 spell levels left.
You didn't know any spells.

Dungeon Overview and Level Annotations

Branches:
Dungeon (4/15)
 Temple: D:4-7

Altars:


Innate Abilities, Weirdness & Mutations

You reflexively headbutt those who attack you in melee.
You have a pair of horns on your head.


Message History

The gnoll hits you from afar with a halberd of venom.
* * * LOW HITPOINT WARNING * * *
You are lethally poisoned!
The hobgoblin hits you but does no damage.
You block the slave's attack.
Your shield and scale mail prevent you from hitting the slave.
Your headbutt misses the slave.
The slave is severely wounded.
* * * LOW HITPOINT WARNING * * *
You feel sick.
The hobgoblin hits you but does no damage.
The gnoll barely misses you. You block the slave's attack.
You hit the slave. You headbutt the slave.
You kill the slave!
That felt strangely unrewarding.
* * * LOW HITPOINT WARNING * * *
You feel sick. The hobgoblin hits you.
* * * LOW HITPOINT WARNING * * *
The gnoll hits you from afar with a halberd of venom!
You die...

#.# ##'######
#........
########........
................
######.............
#..g...............
#g[#g.g............
#[@#.#.g...#.######
#..#>...p...(.(...[
#..#######.#..(....
#..# #.###.....
#### ... +K....
..####..g.. ...
#..... .... .......
..pp. ##......


You could see a gnoll and a hobgoblin.

Vanquished Creatures
  2 slaves (D:4)
  An orc wizard (D:3)
  A worker ant (D:3)
  A gnoll (D:4)
  6 adders
  A giant mite (D:3)
  4 worms
  A giant gecko (D:1)
  4 orcs (D:3)
  2 giant cockroaches (D:2)
  5 goblins
  7 hobgoblins
  3 quokkas
  8 bats
  2 jackals (D:3)
  6 kobolds
  9 rats
63 creatures vanquished.

Notes
Turn   | Place    | Note
--------------------------------------------------------------
     0 | D:1      | jacksonaction, the Minotaur Fighter, began the quest for the Orb.
     0 | D:1      | Reached XP level 1. HP: 19/19 MP: 1/1
   186 | D:1      | Reached XP level 2. HP: 24/26 MP: 1/1
   637 | D:2      | Reached skill level 4 in Maces & Flails
   655 | D:2      | Reached XP level 3. HP: 23/31 MP: 2/2
  1427 | D:3      | Reached skill level 5 in Maces & Flails
  1637 | D:3      | Reached XP level 4. HP: 20/39 MP: 2/2
  1867 | D:3      | Reached skill level 6 in Maces & Flails
  1868 | D:3      | Reached XP level 5. HP: 30/45 MP: 2/2
  2928 | D:4      | Noticed a slave
  2928 | D:4      | Noticed a slave
  2958 | D:4      | Killed a slave
  2964 | D:4      | Killed a slave
  2964 | D:4      | Mangled by a gnoll

Action                   |  1- 3 |  4- 6 || total
-------------------------+-------+-------++-------
Melee: Flail             |   104 |    98 ||   202
Throw: Stone             |     1 |       ||     1
  Use: Potion            |       |     4 ||     4
  Eat: Chunk             |     2 |     4 ||     6
